[ AOE2 MATCH · #481939170 ]
UnrankedMagyars vs Persians
[ REPLAY ANALYSIS · EXTRACTED FROM THE RECORDED GAME ]
Feudal
10:15
Castle
21:45
Imperial
—
| APM avg | 67.0 |
| APM peak | 110 |
| eAPM avg | 22.4 |
| Villagers / military | 59 / 22 |
Focus
⚔️ 27.0% · 🌾 73.0%
Knight ×10 · Scout Cavalry ×7 · Scorpion ×5
Feudal
8:46
Castle
26:04
Imperial
—
| APM avg | 33.0 |
| APM peak | 82 |
| eAPM avg | 13.0 |
| Villagers / military | 78 / 51 |
Focus
⚔️ 27.1% · 🌾 72.9%
Scout Cavalry ×30 · Knight ×16 · Camel Scout ×4 · Spearman ×1
Feudal
9:48
Castle
25:19
Imperial
—
| APM avg | 60.4 |
| APM peak | 104 |
| eAPM avg | 26.5 |
| Villagers / military | 78 / 78 |
Focus
⚔️ 41.6% · 🌾 58.4%
Knight ×38 · Scout Cavalry ×36 · Spearman ×4
Feudal
8:36
Castle
24:22
Imperial
—
| APM avg | 56.2 |
| APM peak | 84 |
| eAPM avg | 18.5 |
| Villagers / military | 60 / 39 |
Focus
⚔️ 27.5% · 🌾 72.5%
Cavalry Archer ×22 · Scout Cavalry ×17
Feudal
10:28
Castle
29:37
Imperial
—
| APM avg | 47.7 |
| APM peak | 81 |
| eAPM avg | 16.7 |
| Villagers / military | 43 / 38 |
Focus
⚔️ 28.9% · 🌾 71.1%
Archer ×35 · Spearman ×3
Feudal
9:05
Castle
25:10
Imperial
—
| APM avg | 44.1 |
| APM peak | 66 |
| eAPM avg | 18.4 |
| Villagers / military | 74 / 115 |
Focus
⚔️ 26.4% · 🌾 73.6%
Archer ×115
Feudal
9:40
Castle
26:05
Imperial
—
| APM avg | 42.3 |
| APM peak | 69 |
| eAPM avg | 15.1 |
| Villagers / military | 67 / 46 |
Focus
⚔️ 30.7% · 🌾 69.3%
Archer ×38 · Skirmisher ×8
Feudal
10:52
Castle
21:28
Imperial
—
| APM avg | 36.2 |
| APM peak | 80 |
| eAPM avg | 14.8 |
| Villagers / military | 58 / 62 |
Focus
⚔️ 23.5% · 🌾 76.5%
Knight ×46 · Militia ×16
Match map
Initial resources + every placement click. Lines = walls · curves = elevation contours. ◆ gold · ⬟ stone · ● berries · ✦ relic · ◌ wall gap
Your base· Open — unwalled flank
WiLSoN's base· Open — 4t gap
TVHG.DooM's base· ✓ Closed at 25:19 · 50t walls · no gate
nbelgrad1's base· Open — 4t gap
ha.dess's base· Open — 1t gap
Mowgli's base· ✓ Closed at 25:10 · 41t walls · 1 gate(s)
TVHG - El León de Riobamba's base· Open — 1t gap
matheuschmelo's base· Open — unwalled flank
Smoothed initial terrain · ◌ = detected wall gap · hover for details
Inputs per minute
— TVHG . ApoloPacman - - WiLSoN
Build order — TVHG . ApoloPacman
First 150 of 176 actions detected
| 0:02 | Create | Villager (Male) |
| 0:02 | Create | Villager (Male) |
| 0:03 | Create | Villager (Male) |
| 0:03 | Create | Villager (Male) |
| 0:05 | Build | House |
| 0:07 | Build | House |
| 1:36 | Create | Villager (Male) |
| 2:11 | Create | Villager (Male) |
| 2:11 | Create | Villager (Male) |
| 2:12 | Create | Villager (Male) |
| 2:25 | Build | Lumber Camp |
| 2:30 | Create | Villager (Male) |
| 2:31 | Create | Villager (Male) |
| 2:51 | Create | Villager (Male) |
| 3:13 | Build | House |
| 3:19 | Build | House |
| 3:27 | Create | Villager (Male) |
| 3:27 | Create | Villager (Male) |
| 3:27 | Create | Villager (Male) |
| 4:19 | Create | Villager (Male) |
| 4:20 | Create | Villager (Male) |
| 4:20 | Create | Villager (Male) |
| 5:13 | Create | Villager (Male) |
| 5:20 | Build | Mill |
| 5:40 | Create | Villager (Male) |
| 6:18 | Create | Villager (Male) |
| 6:33 | Build | House |
| 6:45 | Create | Villager (Male) |
| 7:03 | Create | Villager (Male) |
| 7:40 | Research | Loom |
| 7:53 | Build | Barracks |
| 8:04 | Research | Feudal Age |
| 8:05 | Research | Feudal Age |
| 8:37 | Build | House |
| 10:01 | Build | Palisade Wall |
| 10:05 | Build | Palisade Wall |
| 10:06 | Build | Palisade Wall |
| 10:15 | Age | Feudal Age |
| 10:21 | Build | Stable |
| 10:21 | Create | Villager (Male) |
| 10:24 | Research | Double-Bit Axe |
| 10:24 | Research | Double-Bit Axe |
| 10:28 | Create | Villager (Male) |
| 10:49 | Create | Villager (Male) |
| 10:49 | Create | Villager (Male) |
| 11:12 | Build | Lumber Camp |
| 11:19 | Create | Villager (Male) |
| 11:19 | Create | Villager (Male) |
| 11:20 | Create | Scout Cavalry |
| 11:21 | Create | Scout Cavalry |
| 11:22 | Create | Scout Cavalry |
| 11:28 | Build | House |
| 12:08 | Build | Stable |
| 12:21 | Build | Farm |
| 12:23 | Build | Farm |
| 12:54 | Build | House |
| 12:56 | Build | House |
| 13:08 | Build | Mining Camp |
| 13:19 | Create | Villager (Male) |
| 13:20 | Create | Villager (Male) |
| 13:25 | Build | Palisade Gate |
| 13:39 | Build | Blacksmith |
| 13:45 | Build | Farm |
| 13:47 | Build | Farm |
| 13:50 | Create | Villager (Male) |
| 13:53 | Build | Farm |
| 14:20 | Build | Farm |
| 14:22 | Build | Farm |
| 14:26 | Create | Villager (Male) |
| 14:33 | Build | House |
| 14:54 | Build | Palisade Wall |
| 15:10 | Create | Scout Cavalry |
| 15:18 | Build | Market |
| 15:24 | Build | Farm |
| 15:24 | Create | Villager (Male) |
| 15:26 | Create | Villager (Male) |
| 15:29 | Build | Palisade Wall |
| 15:38 | Create | Scout Cavalry |
| 15:56 | Research | Scale Barding Armor |
| 15:56 | Research | Scale Barding Armor |
| 15:56 | Research | Scale Barding Armor |
| 16:10 | Build | Palisade Wall |
| 16:20 | Research | Bloodlines |
| 16:21 | Research | Bloodlines |
| 16:22 | Create | Villager (Male) |
| 16:22 | Create | Villager (Male) |
| 16:29 | Build | Farm |
| 16:30 | Build | Farm |
| 16:33 | Build | Farm |
| 16:36 | Build | Farm |
| 17:01 | Build | Farm |
| 17:02 | Build | Farm |
| 17:04 | Build | Farm |
| 17:20 | Create | Villager (Male) |
| 17:23 | Build | Farm |
| 17:24 | Build | Farm |
| 17:38 | Build | House |
| 17:40 | Build | House |
| 17:59 | Create | Villager (Male) |
| 17:59 | Create | Villager (Male) |
| 18:24 | Create | Villager (Male) |
| 18:28 | Build | Farm |
| 18:29 | Build | Farm |
| 18:33 | Build | Palisade Wall |
| 18:35 | Build | Palisade Wall |
| 18:55 | Build | Farm |
| 18:56 | Build | Farm |
| 19:05 | Research | Castle Age |
| 19:05 | Research | Castle Age |
| 19:16 | Build | House |
| 19:18 | Build | House |
| 19:23 | Research | Gold Mining |
| 19:35 | Build | House |
| 19:40 | Build | Palisade Wall |
| 19:41 | Build | Palisade Wall |
| 19:56 | Create | Scout Cavalry |
| 19:57 | Create | Scout Cavalry |
| 20:24 | Build | House |
| 20:49 | Build | House |
| 20:50 | Build | House |
| 21:10 | Build | Palisade Wall |
| 21:41 | Build | Stable |
| 21:45 | Age | Castle Age |
| 21:54 | Create | Knight |
| 21:55 | Create | Knight |
| 22:09 | Create | Villager (Male) |
| 22:09 | Create | Villager (Male) |
| 22:11 | Create | Villager (Male) |
| 22:21 | Build | Palisade Wall |
| 22:29 | Build | Siege Workshop |
| 22:31 | Create | Villager (Male) |
| 22:38 | Build | Palisade Wall |
| 22:40 | Build | House |
| 22:45 | Research | Chain Barding Armor |
| 22:48 | Create | Knight |
| 22:48 | Create | Knight |
| 22:49 | Create | Knight |
| 23:02 | Build | Farm |
| 23:11 | Create | Villager (Male) |
| 23:11 | Create | Villager (Male) |
| 23:11 | Create | Villager (Male) |
| 23:22 | Create | Knight |
| 23:23 | Create | Knight |
| 23:24 | Create | Knight |
| 23:26 | Build | Farm |
| 24:02 | Create | Knight |
| 24:03 | Create | Knight |
| 24:42 | Create | Scorpion |
| 24:42 | Create | Scorpion |
| 25:19 | Create | Villager (Male) |
Build order — WiLSoN
First 150 of 216 actions detected
| 0:01 | Create | Villager (Male) |
| 0:01 | Create | Villager (Male) |
| 0:01 | Create | Villager (Male) |
| 0:02 | Build | House |
| 0:04 | Build | House |
| 0:40 | Create | Villager (Male) |
| 0:40 | Create | Villager (Male) |
| 0:40 | Create | Villager (Male) |
| 1:32 | Create | Villager (Male) |
| 1:58 | Build | Lumber Camp |
| 2:11 | Create | Villager (Male) |
| 2:11 | Create | Villager (Male) |
| 2:12 | Create | Villager (Male) |
| 2:58 | Build | House |
| 3:14 | Create | Villager (Male) |
| 3:14 | Create | Villager (Male) |
| 3:36 | Create | Villager (Male) |
| 4:00 | Create | Villager (Male) |
| 4:00 | Create | Villager (Male) |
| 4:06 | Build | Mill |
| 5:07 | Create | Villager (Male) |
| 5:07 | Create | Villager (Male) |
| 5:53 | Create | Villager (Male) |
| 6:19 | Research | Loom |
| 6:42 | Research | Feudal Age |
| 7:13 | Build | Barracks |
| 8:06 | Build | House |
| 8:11 | Create | Villager (Male) |
| 8:11 | Create | Villager (Male) |
| 8:39 | Build | House |
| 8:46 | Age | Feudal Age |
| 8:53 | Build | Stable |
| 8:57 | Research | Double-Bit Axe |
| 9:14 | Create | Villager (Male) |
| 9:26 | Build | House |
| 9:31 | Create | Scout Cavalry |
| 9:31 | Create | Scout Cavalry |
| 9:38 | Create | Villager (Male) |
| 9:57 | Build | Blacksmith |
| 9:58 | Create | Villager (Male) |
| 10:08 | Research | Horse Collar |
| 10:22 | Build | Lumber Camp |
| 10:33 | Build | House |
| 10:36 | Create | Scout Cavalry |
| 10:38 | Create | Villager (Male) |
| 10:42 | Build | Farm |
| 10:52 | Create | Villager (Male) |
| 11:04 | Create | Scout Cavalry |
| 11:21 | Build | Farm |
| 11:26 | Build | Farm |
| 11:29 | Create | Villager (Male) |
| 11:41 | Build | Farm |
| 11:43 | Create | Villager (Male) |
| 12:14 | Build | Farm |
| 12:20 | Create | Villager (Male) |
| 12:26 | Build | Farm |
| 12:31 | Create | Scout Cavalry |
| 12:37 | Build | Farm |
| 12:40 | Build | Farm |
| 12:52 | Create | Villager (Male) |
| 12:59 | Build | House |
| 13:14 | Create | Villager (Male) |
| 13:40 | Create | Villager (Male) |
| 13:41 | Create | Scout Cavalry |
| 14:00 | Build | Farm |
| 14:01 | Create | Villager (Male) |
| 14:02 | Build | Farm |
| 14:10 | Build | Farm |
| 14:12 | Create | Spearman |
| 14:16 | Build | Palisade Wall |
| 14:37 | Create | Scout Cavalry |
| 14:43 | Create | Villager (Male) |
| 15:01 | Build | House |
| 15:06 | Build | Farm |
| 15:09 | Build | Farm |
| 15:14 | Build | Farm |
| 15:17 | Create | Villager (Male) |
| 15:19 | Create | Scout Cavalry |
| 15:37 | Create | Scout Cavalry |
| 15:44 | Build | Stable |
| 15:48 | Build | Farm |
| 15:54 | Create | Villager (Male) |
| 16:01 | Build | Farm |
| 16:02 | Build | Farm |
| 16:05 | Build | Farm |
| 16:05 | Build | Farm |
| 16:06 | Build | Farm |
| 16:09 | Create | Villager (Male) |
| 16:17 | Build | House |
| 16:30 | Build | Farm |
| 16:34 | Create | Scout Cavalry |
| 16:42 | Research | Scale Barding Armor |
| 16:49 | Create | Villager (Male) |
| 17:09 | Build | Market |
| 17:13 | Build | Mining Camp |
| 17:27 | Create | Villager (Male) |
| 17:28 | Create | Scout Cavalry |
| 17:29 | Create | Scout Cavalry |
| 17:46 | Create | Villager (Male) |
| 17:52 | Build | House |
| 18:00 | Build | Palisade Wall |
| 18:04 | Create | Scout Cavalry |
| 18:04 | Create | Scout Cavalry |
| 18:28 | Create | Villager (Male) |
| 18:28 | Create | Villager (Male) |
| 18:37 | Create | Scout Cavalry |
| 18:40 | Create | Scout Cavalry |
| 18:52 | Create | Scout Cavalry |
| 19:01 | Build | Lumber Camp |
| 19:07 | Create | Villager (Male) |
| 19:24 | Research | Forging |
| 19:58 | Create | Scout Cavalry |
| 19:58 | Create | Scout Cavalry |
| 19:59 | Create | Villager (Male) |
| 19:59 | Create | Villager (Male) |
| 20:00 | Create | Villager (Male) |
| 20:36 | Create | Scout Cavalry |
| 20:36 | Create | Scout Cavalry |
| 20:37 | Create | Scout Cavalry |
| 20:47 | Create | Villager (Male) |
| 20:47 | Create | Villager (Male) |
| 20:52 | Build | Farm |
| 20:52 | Build | Farm |
| 20:53 | Build | Farm |
| 20:57 | Build | Mill |
| 20:59 | Build | Farm |
| 21:00 | Build | Farm |
| 21:01 | Build | Farm |
| 21:17 | Create | Scout Cavalry |
| 21:18 | Create | Scout Cavalry |
| 21:19 | Create | Villager (Male) |
| 21:29 | Build | Farm |
| 21:36 | Build | Farm |
| 21:39 | Build | Farm |
| 21:40 | Create | Villager (Male) |
| 21:41 | Create | Scout Cavalry |
| 21:41 | Create | Scout Cavalry |
| 21:46 | Build | Farm |
| 21:47 | Build | Farm |
| 21:49 | Build | Farm |
| 22:10 | Create | Villager (Male) |
| 22:10 | Create | Scout Cavalry |
| 22:11 | Create | Scout Cavalry |
| 22:31 | Create | Scout Cavalry |
| 22:32 | Create | Scout Cavalry |
| 22:33 | Create | Villager (Male) |
| 22:33 | Create | Villager (Male) |
| 22:49 | Create | Villager (Male) |
| 22:53 | Build | House |
| 22:55 | Build | House |
Build order — TVHG.DooM
First 150 of 237 actions detected
| 0:01 | Create | Villager (Male) |
| 0:02 | Create | Villager (Male) |
| 0:02 | Create | Villager (Male) |
| 0:03 | Build | House |
| 0:04 | Build | House |
| 0:39 | Create | Villager (Male) |
| 0:40 | Create | Villager (Male) |
| 1:28 | Create | Villager (Male) |
| 1:28 | Create | Villager (Male) |
| 1:56 | Build | Lumber Camp |
| 2:02 | Create | Villager (Male) |
| 2:03 | Create | Villager (Male) |
| 2:16 | Create | Villager (Male) |
| 2:17 | Create | Villager (Male) |
| 2:53 | Create | Villager (Male) |
| 3:11 | Create | Villager (Male) |
| 3:11 | Create | Villager (Male) |
| 3:37 | Create | Villager (Male) |
| 3:54 | Build | House |
| 3:55 | Build | House |
| 4:01 | Create | Villager (Male) |
| 4:22 | Create | Villager (Male) |
| 4:22 | Create | Villager (Male) |
| 4:43 | Create | Villager (Male) |
| 4:43 | Create | Villager (Male) |
| 5:06 | Build | Mill |
| 5:11 | Create | Villager (Male) |
| 5:11 | Create | Villager (Male) |
| 5:12 | Create | Villager (Male) |
| 6:10 | Create | Villager (Male) |
| 6:10 | Create | Villager (Male) |
| 6:32 | Create | Villager (Male) |
| 6:36 | Create | Villager (Male) |
| 6:36 | Create | Villager (Male) |
| 7:12 | Research | Loom |
| 7:36 | Research | Feudal Age |
| 7:36 | Research | Feudal Age |
| 7:36 | Research | Feudal Age |
| 7:36 | Research | Feudal Age |
| 7:55 | Build | Lumber Camp |
| 9:09 | Build | Barracks |
| 9:45 | Create | Villager (Male) |
| 9:46 | Create | Villager (Male) |
| 9:48 | Age | Feudal Age |
| 10:08 | Build | Stable |
| 10:11 | Build | House |
| 10:13 | Build | Stable |
| 10:20 | Build | Palisade Wall |
| 10:21 | Create | Villager (Male) |
| 10:26 | Create | Villager (Male) |
| 10:32 | Build | Farm |
| 10:35 | Build | Farm |
| 10:40 | Create | Villager (Male) |
| 10:48 | Create | Scout Cavalry |
| 10:48 | Create | Scout Cavalry |
| 10:48 | Create | Scout Cavalry |
| 10:48 | Create | Scout Cavalry |
| 10:48 | Create | Scout Cavalry |
| 10:48 | Create | Scout Cavalry |
| 10:55 | Build | Stable |
| 11:04 | Create | Villager (Male) |
| 11:15 | Build | House |
| 11:19 | Build | Palisade Wall |
| 11:20 | Build | House |
| 11:21 | Create | Villager (Male) |
| 11:24 | Build | Farm |
| 11:30 | Research | Double-Bit Axe |
| 11:31 | Research | Double-Bit Axe |
| 11:47 | Build | Palisade Wall |
| 11:54 | Create | Scout Cavalry |
| 11:54 | Create | Scout Cavalry |
| 11:54 | Create | Scout Cavalry |
| 11:54 | Create | Scout Cavalry |
| 11:54 | Create | Scout Cavalry |
| 11:54 | Create | Scout Cavalry |
| 12:10 | Create | Villager (Male) |
| 12:10 | Create | Villager (Male) |
| 12:16 | Build | Farm |
| 12:20 | Build | Farm |
| 12:23 | Build | Farm |
| 12:26 | Build | Farm |
| 12:29 | Create | Villager (Male) |
| 12:44 | Build | Farm |
| 12:59 | Build | Palisade Wall |
| 13:27 | Create | Scout Cavalry |
| 13:27 | Create | Scout Cavalry |
| 13:27 | Create | Scout Cavalry |
| 14:07 | Create | Villager (Male) |
| 14:07 | Create | Villager (Male) |
| 14:07 | Create | Villager (Male) |
| 14:10 | Build | Farm |
| 14:11 | Build | Farm |
| 14:23 | Create | Villager (Male) |
| 14:57 | Create | Villager (Male) |
| 15:00 | Build | Farm |
| 15:01 | Build | Farm |
| 15:09 | Build | Palisade Wall |
| 15:17 | Build | Blacksmith |
| 15:18 | Build | House |
| 15:27 | Create | Scout Cavalry |
| 15:27 | Create | Scout Cavalry |
| 15:27 | Create | Scout Cavalry |
| 15:27 | Create | Scout Cavalry |
| 15:27 | Create | Scout Cavalry |
| 15:57 | Create | Villager (Male) |
| 16:01 | Build | Farm |
| 16:03 | Build | Farm |
| 16:05 | Create | Villager (Male) |
| 16:24 | Build | House |
| 16:25 | Build | House |
| 16:27 | Build | Palisade Wall |
| 16:34 | Build | House |
| 16:36 | Build | House |
| 16:54 | Create | Villager (Male) |
| 16:55 | Create | Villager (Male) |
| 16:59 | Build | House |
| 17:00 | Build | House |
| 17:12 | Create | Villager (Male) |
| 17:18 | Create | Villager (Male) |
| 17:27 | Create | Scout Cavalry |
| 17:27 | Create | Scout Cavalry |
| 17:27 | Create | Scout Cavalry |
| 17:27 | Create | Scout Cavalry |
| 17:27 | Create | Scout Cavalry |
| 17:27 | Create | Scout Cavalry |
| 17:36 | Create | Villager (Male) |
| 17:36 | Create | Villager (Male) |
| 18:12 | Create | Villager (Male) |
| 18:31 | Create | Villager (Male) |
| 18:31 | Create | Villager (Male) |
| 18:41 | Create | Scout Cavalry |
| 18:41 | Create | Scout Cavalry |
| 18:41 | Create | Scout Cavalry |
| 18:41 | Create | Scout Cavalry |
| 18:42 | Create | Villager (Male) |
| 18:45 | Build | Mining Camp |
| 18:57 | Build | Farm |
| 18:57 | Build | Farm |
| 18:57 | Build | Farm |
| 18:57 | Build | Farm |
| 18:58 | Build | Farm |
| 19:03 | Build | Farm |
| 19:04 | Build | Farm |
| 19:04 | Build | Farm |
| 19:04 | Build | Farm |
| 19:05 | Build | Farm |
| 19:09 | Create | Scout Cavalry |
| 19:09 | Create | Scout Cavalry |
| 19:09 | Create | Scout Cavalry |
| 19:25 | Create | Spearman |
Build order — nbelgrad1
First 150 of 161 actions detected
| 0:00 | Create | Villager (Male) |
| 0:02 | Build | House |
| 0:04 | Build | House |
| 0:21 | Create | Villager (Male) |
| 0:22 | Create | Villager (Male) |
| 0:22 | Create | Villager (Male) |
| 1:36 | Create | Villager (Male) |
| 1:57 | Build | Lumber Camp |
| 2:02 | Create | Villager (Male) |
| 2:19 | Create | Villager (Male) |
| 2:36 | Build | House |
| 2:47 | Create | Villager (Male) |
| 3:03 | Create | Villager (Male) |
| 3:21 | Build | House |
| 3:39 | Create | Villager (Male) |
| 3:39 | Create | Villager (Male) |
| 3:41 | Build | Palisade Wall |
| 4:01 | Create | Villager (Male) |
| 4:31 | Create | Villager (Male) |
| 4:53 | Create | Villager (Male) |
| 5:25 | Create | Villager (Male) |
| 5:25 | Create | Villager (Male) |
| 5:39 | Research | Loom |
| 5:54 | Build | Mill |
| 6:26 | Research | Feudal Age |
| 7:21 | Build | Palisade Wall |
| 8:05 | Build | Barracks |
| 8:19 | Create | Villager (Male) |
| 8:19 | Create | Villager (Male) |
| 8:36 | Age | Feudal Age |
| 8:54 | Build | Stable |
| 9:16 | Create | Villager (Male) |
| 9:22 | Build | House |
| 9:33 | Create | Scout Cavalry |
| 9:33 | Create | Scout Cavalry |
| 9:34 | Create | Scout Cavalry |
| 9:44 | Create | Villager (Male) |
| 9:50 | Build | Farm |
| 9:54 | Build | House |
| 9:57 | Build | Palisade Wall |
| 10:04 | Create | Villager (Male) |
| 10:10 | Build | Palisade Wall |
| 10:17 | Build | Palisade Wall |
| 10:20 | Create | Villager (Male) |
| 10:25 | Build | Farm |
| 10:47 | Build | Palisade Gate |
| 10:55 | Create | Scout Cavalry |
| 10:58 | Create | Villager (Male) |
| 11:00 | Build | Farm |
| 11:25 | Create | Scout Cavalry |
| 11:26 | Create | Villager (Male) |
| 11:53 | Create | Villager (Male) |
| 11:57 | Create | Scout Cavalry |
| 12:03 | Build | Farm |
| 12:04 | Build | Farm |
| 12:35 | Create | Villager (Male) |
| 12:37 | Create | Scout Cavalry |
| 13:07 | Create | Villager (Male) |
| 13:16 | Create | Villager (Male) |
| 13:17 | Create | Scout Cavalry |
| 13:42 | Create | Villager (Male) |
| 13:44 | Build | Farm |
| 13:44 | Build | Farm |
| 13:50 | Build | Lumber Camp |
| 14:11 | Create | Scout Cavalry |
| 14:12 | Create | Scout Cavalry |
| 14:16 | Create | Villager (Male) |
| 14:19 | Build | Farm |
| 14:21 | Build | Farm |
| 14:21 | Build | Farm |
| 14:22 | Build | Farm |
| 14:22 | Build | Farm |
| 14:22 | Build | Farm |
| 14:22 | Build | Farm |
| 14:56 | Create | Scout Cavalry |
| 14:58 | Create | Villager (Male) |
| 15:21 | Create | Villager (Male) |
| 15:25 | Build | Mining Camp |
| 15:27 | Create | Villager (Male) |
| 15:39 | Create | Scout Cavalry |
| 15:44 | Build | Stable |
| 16:16 | Create | Scout Cavalry |
| 16:21 | Create | Villager (Male) |
| 16:22 | Create | Villager (Male) |
| 16:35 | Build | Farm |
| 16:36 | Build | Farm |
| 16:37 | Build | Farm |
| 16:40 | Build | House |
| 16:53 | Create | Villager (Male) |
| 17:14 | Create | Villager (Male) |
| 17:16 | Create | Scout Cavalry |
| 17:16 | Create | Scout Cavalry |
| 18:11 | Create | Scout Cavalry |
| 18:11 | Create | Scout Cavalry |
| 18:20 | Create | Villager (Male) |
| 18:23 | Create | Villager (Male) |
| 18:43 | Create | Villager (Male) |
| 19:02 | Build | Farm |
| 19:02 | Build | Farm |
| 19:03 | Build | Farm |
| 19:03 | Build | Farm |
| 19:05 | Build | Farm |
| 19:05 | Build | Farm |
| 19:05 | Build | Farm |
| 19:06 | Build | Farm |
| 19:07 | Create | Villager (Male) |
| 19:31 | Research | Bloodlines |
| 19:31 | Research | Bloodlines |
| 19:31 | Research | Bloodlines |
| 19:34 | Build | Blacksmith |
| 19:35 | Build | Market |
| 19:59 | Create | Villager (Male) |
| 20:01 | Create | Villager (Male) |
| 20:34 | Build | House |
| 20:35 | Build | House |
| 20:41 | Build | House |
| 20:44 | Build | House |
| 20:46 | Create | Villager (Male) |
| 21:42 | Research | Castle Age |
| 21:48 | Build | Archery Range |
| 21:49 | Build | Archery Range |
| 22:28 | Create | Villager (Male) |
| 22:34 | Research | Fletching |
| 22:36 | Research | Padded Archer Armor |
| 23:02 | Build | Lumber Camp |
| 23:46 | Create | Villager (Male) |
| 23:49 | Build | Palisade Wall |
| 23:51 | Create | Villager (Male) |
| 24:18 | Research | Double-Bit Axe |
| 24:18 | Research | Horse Collar |
| 24:22 | Age | Castle Age |
| 24:23 | Research | Bodkin Arrow |
| 24:27 | Create | Cavalry Archer ×3 |
| 25:22 | Create | Villager (Male) |
| 25:24 | Create | Cavalry Archer ×5 |
| 25:59 | Create | Villager (Male) |
| 26:45 | Create | Villager (Male) |
| 26:47 | Create | Cavalry Archer ×5 |
| 27:11 | Create | Villager (Male) |
| 27:20 | Research | Thumb Ring |
| 27:21 | Create | Cavalry Archer |
| 27:21 | Create | Cavalry Archer |
| 27:34 | Create | Villager (Male) |
| 27:40 | Research | Leather Archer Armor |
| 27:53 | Create | Cavalry Archer |
| 27:53 | Create | Cavalry Archer |
| 27:57 | Create | Villager (Male) |
| 28:00 | Research | Wheelbarrow |
| 28:03 | Research | Heavy Plow |
| 28:04 | Research | Bow Saw |
Build order — ha.dess
138 actions detected in the replay
| 0:03 | Create | Villager (Male) ×4 |
| 0:05 | Build | House |
| 0:07 | Build | House |
| 1:40 | Create | Villager (Male) |
| 2:05 | Create | Villager (Male) |
| 2:16 | Build | Lumber Camp |
| 2:20 | Create | Villager (Male) |
| 2:20 | Create | Villager (Male) |
| 2:50 | Create | Villager (Male) |
| 3:05 | Create | Villager (Male) |
| 3:05 | Create | Villager (Male) |
| 3:40 | Build | House |
| 3:48 | Create | Villager (Male) |
| 4:01 | Create | Villager (Male) |
| 4:23 | Build | House |
| 4:55 | Build | Palisade Wall |
| 5:09 | Create | Villager (Male) |
| 5:10 | Create | Villager (Male) |
| 5:37 | Build | House |
| 5:58 | Create | Villager (Male) |
| 6:09 | Build | Mining Camp |
| 6:16 | Build | Palisade Wall |
| 6:25 | Create | Villager (Male) |
| 6:35 | Create | Villager (Male) |
| 7:04 | Create | Villager (Male) |
| 7:04 | Research | Loom |
| 8:18 | Research | Feudal Age |
| 8:56 | Build | Palisade Wall |
| 9:43 | Build | Lumber Camp |
| 9:55 | Build | Barracks |
| 10:28 | Age | Feudal Age |
| 10:38 | Create | Villager (Male) |
| 10:38 | Create | Villager (Male) |
| 10:48 | Build | Archery Range |
| 10:52 | Build | House |
| 10:58 | Build | Palisade Wall |
| 11:11 | Build | Mill |
| 11:14 | Create | Villager (Male) |
| 11:57 | Build | House |
| 12:02 | Build | House |
| 12:05 | Build | House |
| 12:38 | Build | Archery Range |
| 12:57 | Build | Palisade Wall |
| 13:24 | Create | Archer |
| 13:24 | Create | Archer |
| 13:25 | Create | Archer |
| 14:11 | Create | Villager (Male) |
| 14:11 | Create | Villager (Male) |
| 14:12 | Create | Villager (Male) |
| 14:12 | Create | Villager (Male) |
| 14:17 | Create | Archer |
| 14:34 | Build | Archery Range |
| 14:47 | Build | Palisade Wall |
| 15:11 | Create | Archer |
| 15:38 | Create | Archer |
| 15:38 | Create | Archer |
| 16:05 | Create | Archer |
| 16:05 | Create | Archer |
| 16:05 | Create | Archer |
| 17:32 | Build | Blacksmith |
| 17:39 | Create | Archer |
| 17:39 | Create | Archer |
| 17:42 | Create | Archer |
| 17:42 | Create | Archer |
| 17:43 | Create | Archer |
| 18:34 | Build | Farm |
| 18:34 | Build | Farm |
| 18:35 | Build | Farm |
| 18:35 | Build | Farm |
| 18:35 | Build | Farm |
| 18:38 | Research | Horse Collar |
| 18:42 | Create | Villager (Male) |
| 18:42 | Create | Villager (Male) |
| 18:45 | Build | House |
| 18:50 | Build | Palisade Wall |
| 19:02 | Create | Archer |
| 19:02 | Create | Archer |
| 19:21 | Create | Villager (Male) |
| 19:21 | Create | Villager (Male) |
| 19:47 | Build | House |
| 19:55 | Create | Villager (Male) |
| 19:56 | Create | Villager (Male) |
| 19:56 | Create | Villager (Male) |
| 20:12 | Build | Market |
| 20:16 | Build | House |
| 20:32 | Build | House |
| 20:36 | Create | Villager (Male) |
| 20:52 | Create | Archer |
| 20:54 | Create | Archer |
| 21:31 | Create | Villager (Male) |
| 21:32 | Create | Villager (Male) |
| 21:37 | Build | Farm |
| 21:37 | Build | Farm |
| 21:38 | Build | Farm |
| 21:50 | Create | Villager (Male) |
| 22:19 | Build | Palisade Wall |
| 22:39 | Create | Villager (Male) |
| 22:39 | Create | Villager (Male) |
| 22:41 | Create | Spearman |
| 22:50 | Build | Palisade Wall |
| 23:19 | Create | Villager (Male) |
| 23:20 | Create | Villager (Male) |
| 23:42 | Create | Villager (Male) |
| 23:54 | Build | Palisade Wall |
| 24:04 | Build | House |
| 24:06 | Build | House |
| 24:12 | Research | Fletching |
| 24:52 | Create | Archer |
| 24:53 | Create | Archer |
| 24:53 | Create | Archer |
| 24:54 | Create | Archer |
| 24:54 | Create | Archer |
| 24:54 | Create | Archer |
| 24:54 | Create | Archer |
| 25:32 | Create | Archer |
| 25:38 | Create | Archer |
| 25:47 | Build | House |
| 25:51 | Build | Palisade Wall |
| 25:58 | Build | Palisade Wall |
| 26:01 | Create | Villager (Male) |
| 26:57 | Research | Castle Age |
| 27:09 | Create | Archer |
| 27:09 | Create | Archer |
| 27:30 | Create | Spearman |
| 27:30 | Create | Spearman |
| 27:37 | Build | House |
| 27:41 | Build | House |
| 27:53 | Build | House |
| 28:29 | Build | House |
| 28:33 | Build | Palisade Wall |
| 28:37 | Create | Archer |
| 28:38 | Create | Archer |
| 28:38 | Create | Archer |
| 29:22 | Create | Archer |
| 29:22 | Create | Archer |
| 29:37 | Age | Castle Age |
| 29:46 | Research | Crossbowman (upgrade) |
| 30:25 | Research | Bodkin Arrow |
Build order — Mowgli
First 150 of 217 actions detected
| 0:01 | Create | Villager (Male) |
| 0:01 | Create | Villager (Male) |
| 0:02 | Create | Villager (Male) |
| 0:02 | Create | Villager (Male) |
| 0:03 | Build | House |
| 0:05 | Build | House |
| 1:23 | Create | Villager (Male) |
| 1:24 | Create | Villager (Male) |
| 1:48 | Build | Lumber Camp |
| 2:05 | Create | Villager (Male) |
| 2:05 | Create | Villager (Male) |
| 2:24 | Create | Villager (Male) |
| 2:24 | Create | Villager (Male) |
| 2:55 | Create | Villager (Male) |
| 2:55 | Create | Villager (Male) |
| 3:14 | Create | Villager (Male) |
| 3:14 | Create | Villager (Male) |
| 3:38 | Create | Villager (Male) |
| 3:38 | Create | Villager (Male) |
| 3:45 | Build | House |
| 4:09 | Create | Villager (Male) |
| 4:09 | Create | Villager (Male) |
| 4:14 | Create | Villager (Male) |
| 4:14 | Create | Villager (Male) |
| 4:44 | Create | Villager (Male) |
| 5:04 | Build | Mill |
| 5:26 | Create | Villager (Male) |
| 5:27 | Create | Villager (Male) |
| 5:27 | Create | Villager (Male) |
| 5:27 | Create | Villager (Male) |
| 5:39 | Research | Loom |
| 6:13 | Create | Villager (Male) |
| 6:55 | Research | Feudal Age |
| 6:55 | Research | Feudal Age |
| 7:08 | Build | House |
| 7:12 | Build | Palisade Wall |
| 7:14 | Build | Palisade Wall |
| 8:16 | Build | Barracks |
| 8:55 | Create | Villager (Male) |
| 8:55 | Create | Villager (Male) |
| 9:05 | Age | Feudal Age |
| 9:17 | Build | Archery Range |
| 9:22 | Build | Mining Camp |
| 9:30 | Create | Villager (Male) |
| 9:31 | Create | Villager (Male) |
| 9:31 | Create | Villager (Male) |
| 10:19 | Create | Archer |
| 10:33 | Create | Archer |
| 10:51 | Create | Villager (Male) |
| 10:51 | Create | Villager (Male) |
| 10:52 | Create | Villager (Male) |
| 11:11 | Research | Double-Bit Axe |
| 11:11 | Research | Double-Bit Axe |
| 11:14 | Create | Archer |
| 11:14 | Create | Archer |
| 11:37 | Create | Archer |
| 11:37 | Create | Archer |
| 11:48 | Build | Archery Range |
| 11:50 | Build | House |
| 12:01 | Create | Archer |
| 12:02 | Create | Archer |
| 12:10 | Build | Palisade Wall |
| 12:27 | Create | Villager (Male) |
| 12:28 | Create | Villager (Male) |
| 12:28 | Create | Villager (Male) |
| 12:28 | Create | Villager (Male) |
| 12:28 | Create | Villager (Male) |
| 12:42 | Build | Blacksmith |
| 12:46 | Create | Archer |
| 12:46 | Create | Archer |
| 12:50 | Build | House |
| 12:51 | Build | House |
| 12:53 | Build | Palisade Wall |
| 12:54 | Create | Villager (Male) |
| 12:55 | Create | Villager (Male) |
| 12:55 | Create | Villager (Male) |
| 12:55 | Create | Villager (Male) |
| 13:04 | Create | Archer |
| 13:04 | Create | Archer |
| 13:09 | Create | Archer |
| 13:44 | Create | Archer |
| 13:44 | Create | Archer |
| 13:51 | Build | Palisade Wall |
| 13:53 | Build | Palisade Wall |
| 14:05 | Build | Palisade Wall |
| 14:09 | Build | Palisade Gate |
| 14:11 | Create | Archer |
| 14:11 | Create | Archer |
| 14:12 | Create | Archer |
| 14:15 | Research | Padded Archer Armor |
| 14:29 | Research | Fletching |
| 14:30 | Research | Fletching |
| 14:48 | Build | Lumber Camp |
| 15:11 | Create | Archer ×2 |
| 15:11 | Create | Archer ×2 |
| 15:30 | Build | House |
| 15:36 | Build | House |
| 15:40 | Create | Archer |
| 15:40 | Create | Archer |
| 15:56 | Build | Farm |
| 16:00 | Research | Horse Collar |
| 16:00 | Research | Horse Collar |
| 16:01 | Create | Villager (Male) |
| 16:01 | Create | Villager (Male) |
| 16:02 | Create | Villager (Male) |
| 16:02 | Create | Villager (Male) |
| 16:03 | Create | Villager (Male) |
| 16:08 | Create | Archer |
| 16:08 | Create | Archer |
| 16:08 | Create | Archer |
| 16:09 | Create | Archer |
| 16:23 | Create | Villager (Male) |
| 16:23 | Create | Villager (Male) |
| 16:35 | Create | Archer |
| 16:35 | Create | Archer |
| 16:38 | Create | Archer |
| 16:47 | Create | Villager (Male) |
| 16:47 | Create | Villager (Male) |
| 17:03 | Build | Farm |
| 17:03 | Build | Farm |
| 17:03 | Build | Farm |
| 17:03 | Build | Farm |
| 17:52 | Create | Villager (Male) |
| 17:53 | Create | Villager (Male) |
| 17:53 | Create | Villager (Male) |
| 18:34 | Create | Archer ×5 |
| 18:35 | Create | Archer ×5 |
| 18:35 | Create | Archer ×3 |
| 18:44 | Create | Villager (Male) |
| 18:44 | Create | Villager (Male) |
| 18:44 | Create | Villager (Male) |
| 18:50 | Build | Farm |
| 18:50 | Build | Farm |
| 18:51 | Build | Farm |
| 18:51 | Build | Farm |
| 18:51 | Build | Farm |
| 18:52 | Build | Farm |
| 18:52 | Build | Farm |
| 18:52 | Build | Farm |
| 18:59 | Create | Archer |
| 18:59 | Create | Archer |
| 19:05 | Create | Archer |
| 19:05 | Create | Archer |
| 19:55 | Build | House |
| 20:14 | Research | Wheelbarrow |
| 20:30 | Build | House |
| 20:31 | Build | House |
| 20:38 | Build | Market |
| 21:57 | Create | Villager (Male) |
| 22:15 | Create | Archer ×5 |
Build order — TVHG - El León de Riobamba
First 150 of 176 actions detected
| 0:01 | Create | Villager (Male) |
| 0:02 | Create | Villager (Male) |
| 0:02 | Create | Villager (Male) |
| 0:03 | Create | Villager (Male) |
| 0:03 | Create | Villager (Male) |
| 0:03 | Create | Villager (Male) |
| 0:04 | Build | House |
| 0:06 | Build | House |
| 1:28 | Create | Villager (Male) |
| 1:41 | Create | Villager (Male) |
| 1:49 | Build | Lumber Camp |
| 2:15 | Create | Villager (Male) |
| 2:16 | Create | Villager (Male) |
| 2:16 | Create | Villager (Male) |
| 2:45 | Create | Villager (Male) |
| 2:45 | Create | Villager (Male) |
| 3:17 | Create | Villager (Male) |
| 3:17 | Create | Villager (Male) |
| 3:17 | Create | Villager (Male) |
| 3:39 | Create | Villager (Male) |
| 3:40 | Create | Villager (Male) |
| 3:50 | Build | House |
| 4:02 | Create | Villager (Male) |
| 4:03 | Create | Villager (Male) |
| 4:16 | Create | Villager (Male) |
| 4:17 | Create | Villager (Male) |
| 5:04 | Create | Villager (Male) |
| 5:04 | Create | Villager (Male) |
| 5:25 | Create | Villager (Male) |
| 5:25 | Create | Villager (Male) |
| 6:02 | Build | Mining Camp |
| 6:28 | Create | Villager (Male) |
| 6:28 | Create | Villager (Male) |
| 6:35 | Research | Loom |
| 7:30 | Research | Feudal Age |
| 7:54 | Create | Villager (Male) |
| 8:17 | Build | Barracks |
| 8:29 | Build | House |
| 9:40 | Age | Feudal Age |
| 9:46 | Build | Archery Range |
| 9:52 | Build | Archery Range |
| 9:59 | Research | Double-Bit Axe |
| 10:10 | Create | Villager (Male) ×5 |
| 10:16 | Build | House |
| 10:24 | Build | Palisade Wall |
| 10:24 | Build | Palisade Wall |
| 10:29 | Build | House |
| 10:49 | Build | Mill |
| 11:11 | Create | Archer ×2 |
| 11:13 | Create | Villager (Male) |
| 11:45 | Create | Archer |
| 11:51 | Build | Market |
| 11:53 | Build | House |
| 11:56 | Create | Archer |
| 12:34 | Build | Blacksmith |
| 12:36 | Build | House |
| 12:40 | Create | Archer |
| 12:41 | Create | Villager (Male) |
| 13:01 | Create | Villager (Male) |
| 13:10 | Create | Archer ×4 |
| 13:13 | Create | Villager (Male) |
| 13:31 | Create | Archer ×2 |
| 13:37 | Build | Farm |
| 14:28 | Create | Archer |
| 14:34 | Create | Villager (Male) |
| 14:41 | Create | Villager (Male) |
| 15:01 | Build | House |
| 15:13 | Create | Villager (Male) |
| 15:18 | Build | Farm |
| 15:18 | Build | Farm |
| 15:18 | Build | Farm |
| 15:18 | Build | Farm |
| 15:18 | Build | Farm |
| 15:19 | Build | Farm |
| 15:19 | Build | Farm |
| 15:19 | Build | Farm |
| 15:19 | Build | Farm |
| 15:20 | Build | Farm |
| 15:21 | Create | Villager (Male) |
| 15:46 | Create | Skirmisher ×2 |
| 15:55 | Build | Farm |
| 15:55 | Build | Farm |
| 15:55 | Build | Farm |
| 15:56 | Build | Farm |
| 15:56 | Build | Farm |
| 15:56 | Build | Farm |
| 15:56 | Build | Farm |
| 15:57 | Build | Farm |
| 15:57 | Build | Farm |
| 16:19 | Create | Skirmisher ×2 |
| 16:31 | Research | Fletching |
| 16:32 | Research | Padded Archer Armor |
| 16:36 | Create | Skirmisher ×2 |
| 16:43 | Create | Villager (Male) |
| 16:43 | Create | Villager (Male) |
| 16:56 | Build | House |
| 17:25 | Create | Villager (Male) |
| 17:25 | Create | Villager (Male) |
| 17:27 | Create | Skirmisher ×2 |
| 17:29 | Create | Archer |
| 17:31 | Build | Farm |
| 18:01 | Create | Archer |
| 18:04 | Create | Villager (Male) |
| 18:11 | Create | Villager (Male) ×2 |
| 18:27 | Build | House |
| 18:33 | Build | Farm |
| 18:33 | Build | Farm |
| 18:33 | Build | Farm |
| 18:33 | Build | Farm |
| 18:34 | Build | Farm |
| 18:34 | Build | Farm |
| 18:34 | Build | Farm |
| 18:34 | Build | Farm |
| 18:36 | Create | Villager (Male) |
| 18:45 | Build | Palisade Wall |
| 18:55 | Create | Archer ×4 |
| 19:02 | Build | House |
| 19:03 | Build | Palisade Wall |
| 19:07 | Build | Farm |
| 19:56 | Create | Archer |
| 19:57 | Create | Archer |
| 20:05 | Build | Farm |
| 20:32 | Build | Palisade Wall |
| 20:51 | Create | Villager (Male) ×5 |
| 20:57 | Research | Wheelbarrow |
| 20:57 | Create | Villager (Male) |
| 21:45 | Create | Archer |
| 21:46 | Create | Archer ×3 |
| 22:01 | Create | Villager (Male) |
| 23:25 | Research | Castle Age |
| 23:27 | Research | Horse Collar |
| 23:45 | Create | Archer ×3 |
| 24:24 | Create | Villager (Male) |
| 24:26 | Build | Archery Range |
| 24:44 | Create | Archer ×4 |
| 24:45 | Create | Villager (Male) |
| 24:49 | Research | Gold Mining |
| 25:25 | Build | House |
| 25:40 | Build | House |
| 25:41 | Build | House |
| 26:02 | Build | House |
| 26:05 | Build | Palisade Wall |
| 26:05 | Age | Castle Age |
| 26:21 | Build | House |
| 26:27 | Build | House |
| 26:29 | Build | House |
| 26:31 | Build | House |
| 26:33 | Build | House |
| 27:14 | Research | Crossbowman (upgrade) |
| 27:16 | Research | Bodkin Arrow |
Build order — matheuschmelo
First 150 of 177 actions detected
| 0:02 | Build | House |
| 0:03 | Build | House |
| 0:04 | Create | Villager (Male) |
| 0:04 | Create | Villager (Male) |
| 0:05 | Create | Villager (Male) |
| 0:05 | Create | Villager (Male) |
| 0:05 | Create | Villager (Male) |
| 0:06 | Research | Loom |
| 1:36 | Create | Villager (Male) |
| 1:37 | Create | Villager (Male) |
| 1:57 | Build | Lumber Camp |
| 2:08 | Create | Villager (Male) |
| 2:09 | Create | Villager (Male) |
| 2:30 | Create | Villager (Male) |
| 2:30 | Create | Villager (Male) |
| 3:01 | Create | Villager (Male) |
| 3:01 | Create | Villager (Male) |
| 3:01 | Create | Villager (Male) |
| 3:45 | Build | House |
| 4:06 | Create | Villager (Male) |
| 4:07 | Create | Villager (Male) |
| 4:36 | Create | Villager (Male) |
| 5:20 | Create | Villager (Male) |
| 5:39 | Build | Mill |
| 5:44 | Build | House |
| 5:56 | Create | Villager (Male) |
| 6:19 | Create | Villager (Male) |
| 6:53 | Create | Villager (Male) |
| 6:53 | Create | Villager (Male) |
| 7:40 | Create | Villager (Male) |
| 8:08 | Create | Villager (Male) |
| 8:16 | Build | House |
| 8:19 | Build | Barracks |
| 8:26 | Build | Palisade Wall |
| 8:42 | Research | Feudal Age |
| 8:57 | Build | Mining Camp |
| 9:58 | Build | Barracks |
| 10:10 | Create | Militia |
| 10:10 | Create | Militia |
| 10:21 | Create | Villager (Male) |
| 10:22 | Create | Villager (Male) |
| 10:40 | Create | Militia |
| 10:52 | Age | Feudal Age |
| 10:58 | Build | Watch Tower |
| 11:01 | Build | Mill |
| 11:09 | Research | Man-at-Arms (upgrade) |
| 11:15 | Create | Villager (Male) |
| 11:42 | Create | Militia |
| 11:43 | Create | Militia |
| 12:01 | Build | Farm |
| 12:01 | Build | Farm |
| 12:06 | Build | Farm |
| 12:15 | Build | House |
| 12:17 | Build | House |
| 12:29 | Create | Militia |
| 12:29 | Create | Militia |
| 12:40 | Create | Villager (Male) |
| 12:40 | Create | Villager (Male) |
| 12:47 | Build | Farm |
| 12:58 | Build | Farm |
| 12:58 | Build | Farm |
| 13:32 | Create | Militia |
| 13:33 | Create | Militia |
| 13:33 | Create | Militia |
| 13:57 | Create | Militia |
| 13:57 | Create | Militia |
| 14:04 | Create | Villager (Male) |
| 14:04 | Create | Villager (Male) |
| 14:17 | Build | Blacksmith |
| 14:28 | Create | Villager (Male) |
| 14:30 | Create | Militia |
| 14:30 | Create | Militia |
| 14:30 | Create | Militia |
| 14:30 | Create | Militia |
| 15:13 | Create | Villager (Male) |
| 15:13 | Create | Villager (Male) |
| 15:17 | Build | Farm |
| 15:17 | Build | Farm |
| 15:17 | Build | Farm |
| 15:28 | Research | Double-Bit Axe |
| 16:35 | Create | Villager (Male) |
| 16:35 | Create | Villager (Male) |
| 16:41 | Build | Farm |
| 16:42 | Build | Farm |
| 17:28 | Build | Market |
| 17:33 | Create | Villager (Male) |
| 17:33 | Create | Villager (Male) |
| 17:37 | Build | Farm |
| 18:20 | Create | Villager (Male) |
| 18:27 | Build | Farm |
| 18:27 | Build | Farm |
| 18:27 | Build | Farm |
| 18:48 | Research | Castle Age |
| 18:59 | Build | Stable |
| 19:19 | Build | Stable |
| 19:33 | Research | Horse Collar |
| 19:34 | Research | Horse Collar |
| 20:02 | Build | Farm |
| 20:02 | Build | Farm |
| 20:16 | Research | Scale Barding Armor |
| 20:17 | Research | Forging |
| 20:54 | Research | Gold Mining |
| 21:01 | Build | Farm |
| 21:22 | Research | Bloodlines |
| 21:28 | Age | Castle Age |
| 21:29 | Create | Knight |
| 21:30 | Create | Knight |
| 21:30 | Create | Knight |
| 21:30 | Create | Knight |
| 21:40 | Create | Villager (Male) |
| 21:40 | Create | Villager (Male) |
| 21:55 | Build | Farm |
| 21:55 | Build | Farm |
| 22:02 | Build | Farm |
| 22:02 | Build | Farm |
| 22:11 | Research | Husbandry |
| 22:26 | Build | Farm |
| 22:28 | Create | Villager (Male) |
| 22:29 | Create | Villager (Male) |
| 22:29 | Create | Villager (Male) |
| 22:41 | Create | Knight |
| 22:41 | Create | Knight |
| 23:02 | Create | Villager (Male) |
| 23:08 | Build | Lumber Camp |
| 23:23 | Create | Knight |
| 23:24 | Create | Knight |
| 23:46 | Research | Chain Barding Armor |
| 23:49 | Create | Villager (Male) |
| 24:07 | Create | Villager (Male) |
| 24:34 | Create | Knight |
| 24:39 | Create | Villager (Male) |
| 24:41 | Research | Wheelbarrow |
| 24:51 | Create | Knight |
| 24:51 | Create | Knight |
| 25:21 | Build | Mining Camp |
| 25:25 | Create | Villager (Male) |
| 25:32 | Build | Farm |
| 25:36 | Research | Iron Casting |
| 25:40 | Create | Knight |
| 25:40 | Create | Knight |
| 26:16 | Create | Knight |
| 26:16 | Create | Knight |
| 26:16 | Create | Knight |
| 26:35 | Create | Knight |
| 26:35 | Create | Knight |
| 26:35 | Create | Knight |
| 26:36 | Create | Knight |
| 26:40 | Create | Villager (Male) |
| 26:47 | Build | Farm |
| 26:47 | Build | Farm |
Match timeline
| 3:41 | nbelgrad1 · wall_segment Palisade Wall x1 |
| 4:55 | ha.dess · wall_segment Palisade Wall x5 |
| 6:16 | ha.dess · wall_segment Palisade Wall x3 |
| 7:12 | Mowgli · wall_segment Palisade Wall x1 |
| 7:13 | WiLSoN · first_building Barracks |
| 7:14 | Mowgli · wall_segment Palisade Wall x8 |
| 7:21 | nbelgrad1 · wall_segment Palisade Wall x7 |
| 7:53 | TVHG . ApoloPacman · first_building Barracks |
| 8:05 | nbelgrad1 · first_building Barracks |
| 8:16 | Mowgli · first_building Barracks |
| 8:17 | TVHG - El León de Riobamba · first_building Barracks |
| 8:19 | matheuschmelo · first_building Barracks |
| 8:26 | matheuschmelo · wall_segment Palisade Wall x3 |
| 8:36 | nbelgrad1 · age_up feudal |
| 8:46 | WiLSoN · age_up feudal |
| 8:53 | WiLSoN · first_building Stable |
| 8:54 | nbelgrad1 · first_building Stable |
| 8:56 | ha.dess · wall_segment Palisade Wall x2 |
| 9:05 | Mowgli · age_up feudal |
| 9:09 | TVHG.DooM · first_building Barracks |
| 9:17 | Mowgli · first_building Archery Range |
| 9:40 | TVHG - El León de Riobamba · age_up feudal |
| 9:46 | TVHG - El León de Riobamba · first_building Archery Range |
| 9:48 | TVHG.DooM · age_up feudal |
| 9:55 | ha.dess · first_building Barracks |
| 9:57 | nbelgrad1 · wall_segment Palisade Wall x5 |
| 10:01 | TVHG . ApoloPacman · wall_segment Palisade Wall x3 |
| 10:05 | TVHG . ApoloPacman · wall_segment Palisade Wall x4 |
| 10:06 | TVHG . ApoloPacman · wall_segment Palisade Wall x1 |
| 10:08 | TVHG.DooM · first_building Stable |
| 10:10 | nbelgrad1 · wall_segment Palisade Wall x9 |
| 10:15 | TVHG . ApoloPacman · age_up feudal |
| 10:17 | nbelgrad1 · wall_segment Palisade Wall x5 |
| 10:20 | TVHG.DooM · wall_segment Palisade Wall x1 |
| 10:21 | TVHG . ApoloPacman · first_building Stable |
| 10:24 | TVHG - El León de Riobamba · wall_segment Palisade Wall x10 |
| 10:24 | TVHG - El León de Riobamba · wall_segment Palisade Wall x1 |
| 10:28 | ha.dess · age_up feudal |
| 10:48 | ha.dess · first_building Archery Range |
| 10:52 | matheuschmelo · age_up feudal |
| 10:58 | ha.dess · wall_segment Palisade Wall x1 |
| 11:19 | TVHG.DooM · wall_segment Palisade Wall x1 |
| 11:47 | TVHG.DooM · wall_segment Palisade Wall x11 |
| 12:10 | Mowgli · wall_segment Palisade Wall x9 |
| 12:53 | Mowgli · wall_segment Palisade Wall x1 |
| 12:57 | ha.dess · wall_segment Palisade Wall x1 |
| 12:59 | TVHG.DooM · wall_segment Palisade Wall x16 |
| 13:49 | TVHG - El León de Riobamba · first_market_buy 100 food |
| 13:51 | Mowgli · wall_segment Palisade Wall x6 |
| 13:53 | Mowgli · wall_segment Palisade Wall x10 |
| 14:05 | Mowgli · wall_segment Palisade Wall x7 |
| 14:16 | WiLSoN · wall_segment Palisade Wall x10 |
| 14:47 | ha.dess · wall_segment Palisade Wall x3 |
| 14:54 | TVHG . ApoloPacman · wall_segment Palisade Wall x6 |
| 15:09 | TVHG.DooM · wall_segment Palisade Wall x13 |
| 15:29 | TVHG . ApoloPacman · wall_segment Palisade Wall x1 |
| 16:10 | TVHG . ApoloPacman · wall_segment Palisade Wall x8 |
| 16:27 | TVHG.DooM · wall_segment Palisade Wall x1 |
| 16:28 | TVHG - El León de Riobamba · first_market_sell 100 stone |
| 18:00 | WiLSoN · wall_segment Palisade Wall x9 |
| 18:33 | TVHG . ApoloPacman · wall_segment Palisade Wall x3 |
| 18:35 | TVHG . ApoloPacman · wall_segment Palisade Wall x1 |
| 18:41 | TVHG . ApoloPacman · first_market_buy 100 food |
| 18:43 | TVHG . ApoloPacman · first_market_sell 100 stone |
| 18:45 | TVHG - El León de Riobamba · wall_segment Palisade Wall x9 |
| 18:46 | matheuschmelo · first_market_buy 100 food |
| 18:50 | ha.dess · wall_segment Palisade Wall x3 |
| 18:59 | matheuschmelo · first_building Stable |
| 19:03 | TVHG - El León de Riobamba · wall_segment Palisade Wall x1 |
| 19:40 | TVHG . ApoloPacman · wall_segment Palisade Wall x1 |
| 19:41 | TVHG . ApoloPacman · wall_segment Palisade Wall x1 |
| 20:27 | TVHG.DooM · wall_segment Palisade Wall x3 |
| 20:32 | TVHG - El León de Riobamba · wall_segment Palisade Wall x2 |
| 21:10 | TVHG . ApoloPacman · wall_segment Palisade Wall x1 |
| 21:28 | matheuschmelo · age_up castle |
| 21:37 | nbelgrad1 · first_market_buy 100 food |
| 21:45 | TVHG . ApoloPacman · age_up castle |
| 21:48 | nbelgrad1 · first_building Archery Range |
| 21:52 | TVHG.DooM · wall_segment Palisade Wall x1 |
| 22:19 | ha.dess · wall_segment Palisade Wall x1 |
| 22:20 | Mowgli · first_market_buy 100 food |
| 22:21 | TVHG . ApoloPacman · wall_segment Palisade Wall x1 |
| 22:29 | Mowgli · first_market_sell 100 wood |
| 22:29 | TVHG . ApoloPacman · first_building Siege Workshop |
| 22:38 | TVHG . ApoloPacman · wall_segment Palisade Wall x1 |
| 22:50 | ha.dess · wall_segment Palisade Wall x6 |
| 22:58 | TVHG.DooM · wall_segment Palisade Wall x2 |
| 23:09 | WiLSoN · first_market_sell 100 wood |
| 23:11 | WiLSoN · first_market_buy 100 food |
| 23:46 | TVHG.DooM · wall_segment Palisade Wall x1 |
| 23:49 | nbelgrad1 · wall_segment Palisade Wall x13 |
| 23:54 | ha.dess · wall_segment Palisade Wall x6 |
| 24:18 | TVHG.DooM · wall_segment Palisade Wall x1 |
| 24:22 | nbelgrad1 · age_up castle |
| 24:44 | ha.dess · first_market_sell 100 wood |
| 24:46 | ha.dess · first_market_buy 100 food |
| 25:10 | Mowgli · age_up castle |
| 25:19 | TVHG.DooM · age_up castle |
| 25:21 | WiLSoN · wall_segment Palisade Wall x9 |
| 25:39 | TVHG.DooM · wall_segment Palisade Wall x2 |
| 25:51 | ha.dess · wall_segment Palisade Wall x1 |
| 25:58 | ha.dess · wall_segment Palisade Wall x9 |
| 26:04 | WiLSoN · age_up castle |
| 26:05 | TVHG - El León de Riobamba · wall_segment Palisade Wall x1 |
| 26:05 | TVHG - El León de Riobamba · age_up castle |
| 26:17 | TVHG.DooM · first_market_sell 100 wood |
| 28:33 | ha.dess · wall_segment Palisade Wall x2 |
| 29:37 | ha.dess · age_up castle |
| 31:09 | ha.dess · resign |
[ AI ANALYSIS · 1 CREDIT ]
What really happened in this match?
Wolo.gg analyzes every decision: build order, eco, micro, common mistakes by bracket. Personalized analysis on WhatsApp or Discord in 30 seconds.
Civ guide
Magyars
Perfil
Jugador #2374381